AoeStats
← SoCanBrook

Arena

510804672Analyzed
4v4 RM · 1d ago on Oct 2, 2026· 54m 3s· 8 players
Game mode
Random Map
Map size
Large (8 player)
Population
200
Speed
Normal
Resources
Standard
Victory
Conquest
Starting age
Dark Age
Ending age
Imperial Age
RankedLock teamsTeams togetherTeam positionsShared explorationLock speedFull tech treeHidden civsTurbo modeCheats
Victory
Defeat
🇨🇴 Celts · Colombia
677
+12
🇮🇳 Franks · India
673
+12
🇯🇵 Italians · Japan
600
+15
🇨🇳 Vietnamese · China
600
+15
🇹🇷 Slavs · Türkiye
671
-21
🇹🇷 Spanish · Türkiye
645
-15
🇹🇷 Turks · Türkiye
531
-12
🇹🇷 Persians · Türkiye
505
-20
SoCanBrook
0:28 Loom
11:22 Feudal Age
12:13 Double-Bit Axe
12:15 Horse Collar
19:42 Forging
20:09 Town Watch
20:35 Gold Mining
20:36 Stone Mining
25:19 Castle Age
25:06 Padded Archer Armor
28:13 Heavy Plow
30:40 Wheelbarrow
30:06 Fletching
33:24 Gold Shaft Mining
34:57 Bow Saw
34:45 Bodkin Arrow
35:06 Leather Archer Armor
38:52 Imperial Age
37:52 Iron Casting
36:45 Crossbowman
38:10 Bloodlines
38:08 Husbandry
39:35 Hand Cart
40:44 Cavalier
41:33 Scale Barding Armor
42:31 Blast Furnace
42:02 Ring Archer Armor
41:58 Thumb Ring
45:15 Squires
45:00 Arson
45:17 Scale Mail Armor
45:38 Chain Barding Armor
45:19 Bracer
46:18 Sipahi
46:19 Conscription
48:04 Elite Janissary
49:09 Chain Mail Armor
53:40 Sappers
fekurnaz
0:28 Loom
12:50 Feudal Age
13:15 Double-Bit Axe
14:27 Horse Collar
21:22 Castle Age
22:17 Wheelbarrow
22:15 Stone Mining
22:07 Pikeman
22:48 Squires
27:10 Hand Cart
27:03 Town Watch
29:20 Bow Saw
29:15 Heavy Plow
29:48 Detinets
30:23 Caravan
33:05 Imperial Age
31:57 Fletching
32:08 Padded Archer Armor
32:20 Forging
32:16 Scale Barding Armor
35:05 Gold Mining
36:26 Chemistry
36:16 Town Patrol
36:40 Caravan
36:29 Elite Skirmisher
37:47 Chain Barding Armor
40:02 Crop Rotation
40:37 Two-Man Saw
40:20 Plate Barding Armor
40:21 Iron Casting
39:42 Bodkin Arrow
40:03 Leather Archer Armor
41:22 Gold Shaft Mining
43:27 Halberdier
Jack Sparrow
2:46 Loom
13:18 Feudal Age
13:43 Double-Bit Axe
13:42 Horse Collar
13:54 Gold Mining
15:49 Padded Archer Armor
15:40 Fletching
18:34 Man-at-Arms
18:59 Arson
21:00 Scale Barding Armor
20:56 Scale Mail Armor
24:32 Castle Age
22:51 Stone Mining
26:31 Leather Archer Armor
26:12 Bodkin Arrow
26:38 Bow Saw
27:16 Heavy Plow
35:04 Imperial Age
32:21 Elite Skirmisher
33:06 Thumb Ring
33:53 Gold Shaft Mining
34:08 Murder Holes
34:34 Ballistics
34:05 Guard Tower
38:44 Chemistry
39:26 Stone Shaft Mining
38:16 Cavalier
39:27 Citadels
39:42 Conscription
40:15 Masonry
41:02 Ring Archer Armor
40:47 Forging
43:11 Savar
46:43 Heavy Cavalry Archer
47:49 Parthian Tactics
46:45 Crossbowman
48:03 Squires
47:48 Gambesons
47:23 Pikeman
51:50 Hoardings
50:46 Sappers
53:39 Halberdier
53:40 Long Swordsman
NazguL
1:44 Loom
4:01 Loom
10:20 Feudal Age
10:56 Double-Bit Axe
14:19 Horse Collar
19:10 Stone Mining
23:31 Castle Age
22:50 Town Watch
24:16 Heavy Plow
24:29 Bow Saw
27:23 Bow Saw
27:59 Fletching
28:12 Padded Archer Armor
28:05 Gold Mining
31:54 Imperial Age
32:16 Bodkin Arrow
33:46 Chemistry
34:11 Conscription
34:31 Ballistics
34:25 Fortified Wall
35:44 Two-Man Saw
35:41 Masonry
36:50 Wheelbarrow
36:56 Stone Shaft Mining
37:16 Elite Conquistador
39:01 Architecture
39:13 Coinage
39:16 Squires
39:19 Husbandry
40:36 Banking
41:22 Town Patrol
41:38 Hand Cart
42:34 Bloodlines
41:47 Light Cavalry
41:49 Pikeman
42:15 Arson
41:52 Elite Skirmisher
42:38 Thumb Ring
43:11 Hoardings
42:43 Murder Holes
43:17 Caravan
43:11 Hussar
43:59 Bracer
44:16 Leather Archer Armor
44:12 Forging
44:07 Scale Barding Armor
46:19 Scale Mail Armor
46:50 Ring Archer Armor
45:58 Cavalier
46:02 Halberdier
47:40 Guilds
51:30 Chain Barding Armor
51:26 Chain Mail Armor
51:46 Iron Casting
50:35 Paladin
50:55 Sappers
52:31 Herbal Medicine
52:37 Devotion
52:48 Fervor
52:51 Redemption
52:57 Block Printing
53:07 Illumination
52:43 Atonement
53:21 Theocracy
53:06 Sanctity
53:44 Supremacy
SKS
10:51 Feudal Age
12:02 Double-Bit Axe
16:53 Castle Age
15:54 Stone Mining
19:05 Gold Mining
19:28 Bow Saw
21:34 Loom
26:15 Gold Shaft Mining
26:20 Wheelbarrow
33:11 Imperial Age
33:18 Imperial Age
31:08 Hand Cart
31:48 Scale Barding Armor
31:53 Forging
32:15 Caravan
35:20 Chain Barding Armor
35:31 Conscription
34:46 Cavalier
36:35 Chivalry
36:01 Paladin
37:24 Plate Barding Armor
37:27 Iron Casting
37:53 Elite Throwing Axeman
39:40 Blast Furnace
38:44 Padded Archer Armor
38:34 Fletching
38:52 Town Watch
41:06 Ballistics
41:47 Chemistry
50:17 Leather Archer Armor
49:57 Bodkin Arrow
863111034
9:06 Loom
13:51 Feudal Age
14:19 Double-Bit Axe
16:42 Horse Collar
20:47 Castle Age
22:06 Heavy Plow
22:19 Bow Saw
22:02 Gold Mining
22:05 Stone Mining
23:45 Wheelbarrow
25:26 Hand Cart
29:25 Stone Shaft Mining
29:17 Pikeman
29:26 Elite Skirmisher
33:43 Imperial Age
32:20 Padded Archer Armor
32:11 Fletching
34:07 Halberdier
34:56 Squires
35:10 Bloodlines
35:01 Husbandry
35:04 Bodkin Arrow
35:27 Leather Archer Armor
37:18 Paper Money
37:31 Caravan
38:09 Ring Archer Armor
38:32 Crop Rotation
39:47 Elite Rattan Archer
42:32 Bracer
42:43 Forging
42:34 Scale Mail Armor
42:41 Scale Barding Armor
43:44 Chemistry
43:05 Ballistics
42:22 Elite Skirmisher
43:08 Thumb Ring
44:21 Chatras
45:21 Iron Casting
45:04 Chain Mail Armor
47:11 Elite Battle Elephant
47:19 Imperial Skirmisher
49:01 Plate Mail Armor
49:45 Hoardings
49:13 Arrowslits
49:45 Masonry
52:15 Chain Barding Armor
51:27 Cavalier
Jawaharlal NEHRU
10:02 Loom
11:48 Feudal Age
13:10 Double-Bit Axe
15:12 Horse Collar
20:04 Castle Age
19:00 Fletching
21:41 Bow Saw
23:52 Gold Mining
24:52 Heavy Plow
24:46 Pikeman
24:49 Crossbowman
25:33 Padded Archer Armor
26:40 Wheelbarrow
26:00 Stone Mining
27:26 Forging
27:08 Town Watch
29:09 Squires
29:17 Thumb Ring
28:33 Elite Skirmisher
32:10 Imperial Age
30:26 Fortified Wall
31:29 Silk Road
30:53 Treadmill Crane
31:30 Masonry
31:40 Caravan
33:03 Bloodlines
33:32 Ballistics
34:13 Chemistry
34:13 Conscription
34:32 Hoardings
35:30 Scale Mail Armor
35:26 Bodkin Arrow
35:46 Leather Archer Armor
36:00 Husbandry
35:27 Light Cavalry
36:53 Hand Cart
36:46 Capped Ram
37:56 Town Patrol
40:29 Pirotechnia
49:05 Bracer
49:35 Ring Archer Armor
49:24 Chain Mail Armor
Mathias1493
13:42 Feudal Age
13:54 Feudal Age
14:46 Feudal Age
17:50 Wheelbarrow
16:59 Horse Collar
17:11 Gold Mining
17:11 Double-Bit Axe
21:07 Stone Mining
22:22 Forging
22:03 Fletching
25:35 Castle Age
24:36 Double-Bit Axe
26:56 Castle Age
25:30 Scale Barding Armor
25:26 Scale Mail Armor
25:27 Padded Archer Armor
28:58 Castle Age
29:04 Padded Archer Armor
31:27 Hand Cart
31:15 Heavy Plow
33:49 Caravan
33:29 Pikeman
33:55 Gambesons
33:56 Arson
34:51 Iron Casting
34:39 Chain Barding Armor
36:30 Bow Saw
37:13 Stone Shaft Mining
37:17 Gold Shaft Mining
36:40 Bodkin Arrow
37:01 Chain Mail Armor
37:01 Leather Archer Armor
41:15 Imperial Age
39:24 Stronghold
40:01 Fortified Wall
43:34 Blast Furnace
41:59 Halberdier
42:03 Cavalier
42:44 Husbandry
43:22 Heavy Scorpion
44:37 Furor Celtica
46:29 Elite Woad Raider
50:41 Capped Ram
53:29 Chemistry
52:26 Murder Holes
53:05 Plate Mail Armor
53:06 Ring Archer Armor
53:50 Siege Ram
Connection lost

Rejoining the realm…

Still unreachable

The connection could not be restored.

Session expired

The server has moved on; the page needs a fresh start.